 Dungeon Crawl Stone Soup version 0.30-a0-622-gddc90eaa04 (webtiles) character file.

Game seed: 12249377034722254025

165 bande the Covered (level 5, -3/33 HPs)
             Began as a Gargoyle Fighter on Jan 10, 2023.
             Slain by Crazy Yiuf
             ... wielding a +4 quarterstaff of chaos
              (8 damage)
             ... on level 3 of the Dungeon.
             The game lasted 00:03:00 (2660 turns).

bande the Covered (Gargoyle Fighter)                Turns: 2660, Time: 00:03:00

Health: -3/33      AC:  0    Str: 19    XL:     5   Next: 46%
Magic:  5/5        EV: 13    Int:  9    God:
Gold:   183        SH:  0    Dex: 11    Spells: 4/4 levels left

rFire   . . .      SeeInvis .    (weapon currently unavailable)
rCold   . . .      Faith    .    (shield currently unavailable)
rNeg    + . .      Spirit   .    (body armour currently unavailable)
rPois   ∞          Reflect  .    (helmet currently unavailable)
rElec   .          Harm     .    (cloak currently unavailable)
rCorr   .          Rampage  .    (gloves currently unavailable)
Will    .....                    (boots currently unavailable)
Stlth   +                        (no amulet)
HPRegen 0.25/turn                (ring currently unavailable)
MPRegen 0.09/turn                (ring currently unavailable)

@: mighty, pig-form, very quick
A: fast, no casting, sickness immunity, AC +4, small, negative energy resistance
1, (electricity resistance), torment resistance 1, petrification resistance
a: no special abilities


You were on level 3 of the Dungeon.
You were a filthy swine.
You visited 1 branch of the dungeon, and saw 3 of its levels.

You collected 183 gold pieces.

Inventory:

Hand Weapons
 a - a +0 war axe (melded)
 e - a +0 war axe
Armour
 c - a +0 buckler (melded)
 i - a +0 chain mail (melded)
 m - a +0 helmet (melded)
 n - a +0 cloak (melded)
Wands
 h - a wand of paralysis (10)
Scrolls
 r - a scroll of teleportation {unknown}
Potions
 b - 2 potions of berserk rage
 d - 2 potions of might
 f - 2 potions of degeneration {unknown}
 g - a potion of mutation {unknown}
 j - 2 potions of lignification {unknown}
 k - a potion of curing {unknown}
 l - 2 potions of brilliance {unknown}
 o - a potion of magic {unknown}
 p - a potion of cancellation {unknown}
 q - a potion of heal wounds {unknown}


   Skills:
 + Level 3.9 Fighting
 + Level 3.7 Axes
 + Level 4.0 Armour
 + Level 4.0 Shields
 * Level 0.4 Evocations


You had 4 spell levels left.
You didn't know any spells.
Your spell library was empty.

Dungeon Overview and Level Annotations

Branches:
Dungeon (3/15)

Altars:

Annotations:
D:3 Crazy Yiuf


Innate Abilities, Weirdness & Mutations

You are a filthy swine.
You move quickly.
Your equipment is almost entirely melded.
You are incapable of wielding weapons or throwing items.
You cannot cast spells.
You are immune to sickness and miasma.
((Your stone body is resilient. (AC +4)))
You are immune to poison.
You resist negative energy. (rN+)
((You are resistant to electric shocks. (rElec)))
You are resistant to unholy torment.
You are immune to petrification.


Message History

a +0 club; 6 poisoned darts
There is a stone staircase leading down here.
r - a scroll labelled NOFACHYROGY Crazy Yiuf shouts!
Crazy Yiuf says, "Scoff broken blue!"
Could not explore, unopened runed door.
You open the door. You hit Crazy Yiuf but do no damage.
Crazy Yiuf hits you with a +4 quarterstaff of chaos!
Crazy Yiuf burns you.
You slash Crazy Yiuf!
Crazy Yiuf is heavily wounded.
Crazy Yiuf hits you but does no damage.
You barely miss Crazy Yiuf.
Crazy Yiuf is heavily wounded.
Crazy Yiuf hits you with a +4 quarterstaff of chaos.
You block Crazy Yiuf's attack.
You hit Crazy Yiuf but do no damage.
Crazy Yiuf is heavily wounded.
Crazy Yiuf closely misses you.
You barely miss Crazy Yiuf.
Crazy Yiuf is heavily wounded.
Crazy Yiuf screams, "Gum!
Sif Muna pontify stair."
Crazy Yiuf hits you with a +4 quarterstaff of chaos.
You turn into a filthy swine.
Your +0 war axe melds into your body.
Your +0 cloak melds into your body.
Your +0 helmet melds into your body.
Your +0 buckler melds into your body.
Your +0 chain mail melds into your body.
Crazy Yiuf hits you with a +4 quarterstaff of chaos!
* * * LOW HITPOINT WARNING * * *
You feel very mighty all of a sudden.
You closely miss Crazy Yiuf.
Crazy Yiuf is heavily wounded.
You closely miss Crazy Yiuf.
Crazy Yiuf is heavily wounded.
Crazy Yiuf barely misses you.
You bite Crazy Yiuf!
Crazy Yiuf is almost dead.
Crazy Yiuf hits you with a +4 quarterstaff of chaos!
You die...

##.#.#...#
#.#.# #.#
.......#.##
#.#.###.##
##.#.#....##
#.#......###
[#.#.......#
#####
#.#####)...#
##.#.##...<#
#..)# #.#
#.###.
.....###.#.#
#...# #.#
#.# #.
##.#.....#.#
...
#.##########
.....#####.#
#g#
#...........
##.### #.#
♣♣h♣
############
...# #.#
♣.♣♣
#.##.....#
##.#######.#
♣♣.♣
#........#
#####......#
♣.♣♣
#.#......#
#.....######
♣♣.♣♣
#.##.....#
#.##########
♣..P♣♣
#.##.....#
#)#........#
♣P...♣
#.#####.##
#.#..#######
##..## #.#
#.# ..##.#
####....#
#.# #.##


You could see Crazy Yiuf.

Vanquished Creatures
  Terence (D:3)
  Robin (D:3)
  5 adders
  9 bats
  6 endoplasms
  A giant cockroach (D:1)
  8 hobgoblins
  6 jackals
  8 kobolds
  3 quokkas
  8 ball pythons
  2 frilled lizards
  15 goblins
  5 rats
78 creatures vanquished.

Vanquished Creatures (others)
  2 fungi (D:3)
  23 plants (D:2)
25 creatures vanquished.

Grand Total: 103 creatures vanquished

Notes
Turn   | Place    | Note
-------+----------+-------------------------------------------
     0 | D:1      | bande the Gargoyle Fighter began the quest for the Orb.
     0 | D:1      | Reached XP level 1. HP: 14/14 MP: 1/1
   165 | D:1      | Reached XP level 2. HP: 19/19 MP: 2/2
   360 | D:1      | Reached XP level 3. HP: 23/23 MP: 3/3
  1026 | D:2      | Reached XP level 4. HP: 27/29 MP: 4/4
  1073 | D:2      | Found a faded altar of an unknown god.
  1625 | D:3      | Noticed Robin
  1636 | D:3      | Killed Robin
  1765 | D:3      | Reached XP level 5. HP: 28/33 MP: 5/5
  2154 | D:3      | Noticed Terence
  2164 | D:3      | Killed Terence
  2273 | D:3      | Found a runed translucent door.
  2274 | D:3      | Noticed Crazy Yiuf
  2660 | D:3      | Slain by Crazy Yiuf

Illustrated notes

Levels and vault maps discovered:
D:1:      dpeg_arrival_court, layout_loops_ring, minmay_stone_trees_medium
D:2:      layout_basic, chequers_ecumenical_altar_simple_redux,
          serial_bayou_lagoon_a, kennysheep_boxes
D:3:      layout_loops_ring, serial_co_window_serial, co_window_paths_a,
          co_window_paths_b, co_window_paths_b, co_window_corner_a,
          co_window_cross_1, co_window_of_opportunity_b, co_window_corner_b,
          co_window_2corner, co_window_of_opportunity_c, co_window_2corner,
          co_window_sun, minmay_surrounded, uniq_robin, uniq_crazy_yiuf_cottage,
          uniq_terence

Skill      XL: |  1  2  3  4  5 |
---------------+----------------+-----
Axes           | 2 3 |  3.7
Armour         | 4 |  4.0
Shields        | 4 |  4.0
Fighting       | |  3.9
Evocations     | |  0.4

Action                   |  1- 3 |  4- 6 || total
-------------------------+-------+-------++-------
Melee: War axe           |   109 |   119 ||   228
       Unarmed           |       |     3 ||     3
  Use: Scroll            |     3 |       ||     3
Armor: Scale mail        |    23 |       ||    23
       Chain mail        |    55 |    87 ||   142
Dodge: Dodged            |    45 |    40 ||    85
Block: Buckler           |    41 |    31 ||    72

Table legend: (Time is in decaauts)
 A = Elapsed time spent in this place.
 B = Non-inter-level travel time spent in this place.
 C = Inter-level travel time spent in this place.
 D = Time resting spent in this place.
 E = Time spent auto-exploring this place.
 F = Levels seen in this place.
 G = Mean time per level.
                   A        B        C        D        E       F      G
               +--------+--------+--------+--------+--------+-----+--------+
         Total |   2776 |   2717 |     59 |     38 |   2117 |   3 |  925.3 |
       Dungeon |   2776 |   2717 |     59 |     38 |   2117 |   3 |  925.3 |
               +--------+--------+--------+--------+--------+-----+--------+

Top non-repeatable levels by time:
     D:3: 1192 daAuts
     D:2: 818 daAuts
     D:1: 765 daAuts
